 Dungeon Crawl Stone Soup version 0.30.0-29-ga12c61a403 (webtiles) character file.

Game seed: 12547365619319509283

627999 Kaboulah the Slayer (level 27, -2/212 HPs)
             Began as a Human Fighter on May 14, 2023.
             Was the Champion of the Shining One.
             Killed from afar by a red draconian (23 damage)
             ... with a searing blast
             ... on level 5 of the Abyss on June 3, 2023.
             The game lasted 16:11:27 (85562 turns).

Kaboulah the Slayer (Human Fighter)                Turns: 85562, Time: 16:11:28

Health: -2/212     AC: 40    Str: 26    XL:     27
Magic:  0/45       EV: 21    Int:  7    God:    the Shining One [******]
Gold:   5098       SH: 46    Dex: 27    Spells: 26/26 levels left

rFire   . . .        m - +8 trishula "Condemnation" {holy, anguish, *Noise Fly rN+}
rCold   . . .        W - +8 tower shield
rNeg    + + +        H - +11 plate armour of Hairiness {-Cast Will+ Str+4}
rPois   +            z - +0 helmet "Giemen" {Slay+3}
rElec   +            b - +2 cloak {Will+}
rCorr   +            N - +0 pair of gloves of the Hall of Blades {rPois MP+9}
SInv    +            y - +2 pair of boots
Will    ++++.        c - amulet of Jaelli Zobi {Spirit Contam rElec Str+5 Dex+3} Stlth
                     i - ring "Baevos" {rPois Int-2 Slay+5 SInv}
HPRegen 0.00/turn    u - ring of resist corrosion
MPRegen 0.29/turn

%: no spellcasting, guardian spirit
@: divinely shielded, sick, flying, glowing, studying Maces & Flails, unable to
drink
A: agile 1, frail 1, screaming 2, weak 2, inability to drink after injury 2,
MP-powered wands, devolution 1
}: 4/15 runes: serpentine, barnacled, slimy, silver
a: Renounce Religion, Divine Shield, Cleansing Flame, Summon Divine Warrior,
Brand Weapon With Holy Wrath


You were on level 5 of the Abyss.
You worshipped the Shining One.
The Shining One was exalted by your worship.
You visited 12 branches of the dungeon, and saw 53 of its levels.
You visited the Abyss 2 times.
You also visited: Bailey and Ice Cave.

You collected 9382 gold pieces.
You spent 4284 gold pieces at shops.

Inventory:

Hand Weapons
 k - the +9 trident of the Freezing God {spect, rPois}
   (You bought it in a shop on level 1 of the Elven Halls)

   rPois:     It protects you from poison.
 m - the +8 trishula "Condemnation" (weapon) {holy, anguish, *Noise Fly rN+}
   (You found it on level 3 of the Crypt)

   rN:        It protects you from negative energy.
   Fly:       It grants you flight.
   *Noise:    It may make noises in combat.
 P - the +4 spear of the Crawling Thing {freeze, Str+10 Int-3}
   (You found it in an ice cave)

   Str:       It affects your strength (+10).
   Int:       It affects your intelligence (-3).
Missiles
 K - 8 silver javelins
 T - 4 javelins
 Y - 6 boomerangs of dispersal
Armour
 b - a +2 cloak of willpower (worn)
 y - a +2 pair of boots (worn)
 z - the +0 helmet "Giemen" (worn) {Slay+3}
   (You found it on level 3 of the Crypt)

   Slay:      It affects your accuracy & damage with ranged weapons and melee
   (+3).
 A - a +2 cloak of poison resistance
 H - the +11 plate armour of Hairiness (worn) {-Cast Will+ Str+4}
   (You took it off a merfolk javelineer on level 4 of the Shoals)

   Str:       It affects your strength (+4).
   -Cast:     It prevents spellcasting.
   Will:      It increases your willpower.
 N - the +0 pair of gloves of the Hall of Blades (worn) {rPois MP+9}
   (You found it on level 5 of the Pits of Slime)

   rPois:     It protects you from poison.
   MP:        It affects your magic capacity (+9).
 W - a +8 tower shield (worn)
 X - a +3 kite shield of cold resistance
Jewellery
 c - the amulet of Jaelli Zobi (around neck) {Spirit Contam rElec Str+5 Dex+3}
   (You bought it in a shop on level 1 of the Depths)

   [amulet of guardian spirit]

   It causes incoming damage to be divided between your reserves of health and
   magic.
   Str:       It affects your strength (+5).
   Dex:       It affects your dexterity (+3).
   rElec:     It insulates you from electricity.
   Contam:    It causes magical contamination when unequipped.
 h - the ring "Rereilej" {Will+ SInv Stlth+}
   (You took it off a merfolk on level 4 of the Shoals)

   [ring of see invisible]

   SInv:      It lets you see invisible.
   Will:      It increases your willpower.
   Stlth:     It makes you more stealthy.
 i - the ring "Baevos" (left hand) {rPois Int-2 Slay+5 SInv}
   (You took it off a merfolk javelineer on level 4 of the Shoals)

   [ring of see invisible]

   Int:       It affects your intelligence (-2).
   Slay:      It affects your accuracy & damage with ranged weapons and melee
   (+5).
   rPois:     It protects you from poison.
   SInv:      It lets you see invisible.
 n - a ring of protection from fire
 o - a ring of protection from cold
 u - a ring of resist corrosion (right hand)
 x - a +6 ring of strength
 B - the ring "Perawi" {Fire Will+ Str+2 Dex+4}
   (You took it off a crimson imp on level 1 of the Depths)

   [ring of fire]

   It enhances your fire magic.
   Str:       It affects your strength (+2).
   Dex:       It affects your dexterity (+4).
   rF:        It protects you from fire.
   rC:        It makes you vulnerable to cold.
   Will:      It increases your willpower.
 G - the ring "Fitaze" {Ice Fly rElec MP+9}
   (You took it off Josephina on level 1 of the Crypt)

   [ring of ice]

   It enhances your ice magic.
   rF:        It makes you vulnerable to fire.
   rC:        It protects you from cold.
   rElec:     It insulates you from electricity.
   MP:        It affects your magic capacity (+9).
   Fly:       It grants you flight.
 I - a +6 ring of dexterity
 J - the amulet "Fecui" {Reflect rF+ Int+5 SH+5}
   (You found it on level 5 of the Vaults)

   [amulet of reflection]

   It reflects blocked missile attacks.
   Int:       It affects your intelligence (+5).
   rF:        It protects you from fire.
   SH:        It affects your SH (+5).
 M - a ring of poison resistance
Scrolls
 a - 6 scrolls of fear
 g - 9 scrolls of blinking
 j - 10 scrolls of magic mapping
 q - 23 scrolls of teleportation
 C - 5 scrolls of silence
 F - 4 scrolls of fog
 U - 33 scrolls of identify
Potions
 d - 6 potions of haste
 e - 11 potions of brilliance
 f - 7 potions of ambrosia
 l - 5 potions of berserk rage
 p - 13 potions of attraction
 r - 3 potions of resistance
 s - 11 potions of flight
 t - 34 potions of curing
 v - 9 potions of heal wounds
 w - 2 potions of mutation
 E - 3 potions of magic
 L - 2 potions of might
 O - 4 potions of cancellation


   Skills:
 + Level 23.5 Fighting
 - Level 14.0 Long Blades
 - Level 3.5 Maces & Flails
 + Level 16.0 Polearms
 + Level 18.0 Throwing
 + Level 18.6 Armour
 + Level 17.9 Dodging
 + Level 18.6 Shields
 + Level 19.3 Invocations


You had 26 spell levels left.
You didn't know any spells.
Your spell library contained the following spells:

 Spells                   Type           Power      Damage    Failure   Level
 Beastly Appendage        Tmut           0%         N/A       99%         1
 Freeze                   Ice            0%         1d3       99%         1
 Magic Dart               Conj           0%         1d3       99%         1
 Sandblast                Erth           0%         2d4       99%         1
 Shock                    Conj/Air       0%         1d3       99%         1
 Slow                     Hex            0%         N/A       99%         1
 Sting                    Tmut/Pois      0%         1d3       99%         1
 Cigotuvi's Dreadful Rot  Necr/Pois/Air  0%         N/A       100%        2
 Ensorcelled Hibernation  Hex/Ice        0%         N/A       100%        2
 Passwall                 Tmut/Erth      0%         N/A       100%        2
 Poisonous Vapours        Pois/Air       0%         N/A       100%        2
 Scorch                   Fire           0%         2d5       100%        2
 Confusing Touch          Hex            0%         N/A       100%        3
 Dazzling Flash           Conj/Hex       0%         N/A       100%        3
 Frozen Ramparts          Ice            0%         1d1       100%        3
 Gell's Gravitas          Tloc           0%         N/A       100%        3
 Hailstorm                Conj/Ice       0%         3d3       100%        3
 Ignite Poison            Fire/Tmut/Pois 0%         N/A       100%        3
 Inner Flame              Hex/Fire       0%         N/A       100%        3
 Mephitic Cloud           Conj/Pois/Air  0%         N/A       100%        3
 Spider Form              Tmut/Pois      0%         N/A       100%        3
 Stone Arrow              Conj/Erth      0%         3d7       100%        3
 Swiftness                Air            0%         N/A       100%        3
 Teleport Other           Tloc           0%         N/A       100%        3
 Tukima's Dance           Hex            0%         N/A       100%        3
 Vampiric Draining        Necr           0%         2d6       100%        3
 Vhi's Electric Charge    Tloc/Air       0%         N/A       100%        3
 Volatile Blastmotes      Fire/Tloc      0%         2d10      100%        3
 Airstrike                Air            0%         2d(0-16)  100%        4
 Anguish                  Hex/Necr       0%         N/A       100%        4
 Animate Armour           Summ/Erth      0%         N/A       100%        4
 Animate Dead             Necr           0%         N/A       100%        4
 Cause Fear               Hex            0%         N/A       100%        4
 Flame Wave               Conj/Fire      0%         2d4       100%        4
 Ice Form                 Ice/Tmut       0%         N/A       100%        4
 Iskenderun's Mystic Bla  Conj/Tloc      0%         2d3       100%        4
 Leda's Liquefaction      Hex/Erth       0%         N/A       100%        4
 Manifold Assault         Tloc           0%         N/A       100%        4
 Olgreb's Toxic Radiance  Pois           0%         N/A       100%        4
 Passage of Golubria      Tloc           0%         N/A       100%        4
 Petrify                  Tmut/Erth      0%         N/A       100%        4
 Sticky Flame             Conj/Fire      0%         2d3       100%        4
 Summon Ice Beast         Ice/Summ       0%         N/A       100%        4
 Alistair's Intoxication  Tmut/Pois      0%         N/A       100%        5
 Arcjolt                  Conj/Air       0%         1d10      100%        5
 Blade Hands              Tmut           0%         N/A       100%        5
 Borgnjor's Vile Clutch   Necr/Erth      0%         N/A       100%        5
 Freezing Cloud           Conj/Ice/Air   0%         6-21      100%        5
 Lee's Rapid Deconstruct  Erth           0%         3d4*      100%        5
 Metabolic Englaciation   Hex/Ice        0%         N/A       100%        5
 Silence                  Hex/Air        0%         N/A       100%        5
 Summon Forest            Summ/Tloc      0%         N/A       100%        5
 Summon Mana Viper        Hex/Summ       0%         N/A       100%        5
 Yara's Violent Unravell  Hex/Tmut       0%         3d3       100%        5
 Conjure Ball Lightning   Conj/Air       0%         3x3d6     100%        6
 Death Channel            Necr           0%         N/A       100%        6
 Dispersal                Tloc           0%         N/A       100%        6
 Eringya's Noxious Bog    Tmut/Pois      0%         N/A       100%        6
 Iron Shot                Conj/Erth      0%         9d1       100%        6
 Plasma Beam              Fire/Air       0%         2x1d11    100%        6
 Simulacrum               Ice/Necr       0%         N/A       100%        6
 Starburst                Conj/Fire      0%         6d3       100%        6
 Statue Form              Tmut/Erth      0%         N/A       100%        6
 Summon Cactus Giant      Summ           0%         N/A       100%        6
 Dragon Form              Tmut           0%         N/A       100%        7
 Enfeeble                 Hex            0%         N/A       100%        7
 Monstrous Menagerie      Summ           0%         N/A       100%        7
 Summon Hydra             Summ           0%         N/A       100%        7
 Disjunction              Tloc           0%         N/A       100%        8
 Ignition                 Fire           0%         3d3       100%        8
 Lehudib's Crystal Spear  Conj/Erth      0%         10d2      100%        8
 Maxwell's Capacitive Co  Air            0%         ∞         100%        8
 Death's Door             Necr           0%         N/A       100%        9
 Dragon's Call            Summ           0%         N/A       100%        9
 Fire Storm               Conj/Fire      0%         5d1       100%        9
 Polar Vortex             Ice            0%         N/A       100%        9
 Shatter                  Erth           0%         3d5*      100%        9


Dungeon Overview and Level Annotations

Branches:
Dungeon (15/15)            Temple (1/1) D:7            Lair (5/5) D:10
 Shoals (4/4) Lair:3        Snake (4/4) Lair:2        Slime (5/5) Lair:5
    Orc (2/2) D:9             Elf (3/3) Orc:2        Vaults (5/5) D:14
  Crypt (3/3) Vaults:2       Tomb (2/3) Crypt:3      Depths (4/4) D:15
    Zot (0/5) Depths:4     Bailey (visited)           IceCv (visited)

Altars:
Ashenzari
Cheibriados
Dithmenos
Elyvilon
Fedhas
Gozag
Hepliaklqana
Kikubaaqudgha
Makhleb
Nemelex Xobeh
Okawaru
Qazlal
Ru
Sif Muna
Trog
Uskayaw
Vehumet
Wu Jian
Xom
Yredelemnul
Zin
The Shining One
Jiyva
Lugonu

Shops:
D:5 *   D:10 [   Orc:2 !(([!   Elf:1 (**   Elf:2 (   Elf:3 (   Shoals:3 *
Snake:1 =!   Snake:3 [   Vaults:2 !   Vaults:3 (   Depths:1 =:=

Portals:
Hell: Depths:1 Depths:2 Depths:3 Depths:4
Abyss: Depths:3 Depths:4
Pandemonium: Depths:1 Depths:2
Ziggurat: Depths:1
Trove: Elf:1 (show slimy rune of Zot)

Annotations:
Shoals:2 Roxanne
Snake:1 1 runed translucent door, Dadghomedgh's ghost, adept GnHW


Innate Abilities, Weirdness & Mutations

You are agile. (Dex +4, Str/Int -1)
You are frail. (-10% HP)
You frequently scream uncontrollably at your foes.
You are very weak. (Str -4)
You sometimes lose the ability to drink potions when taking damage.
You expend magic power (3 MP) to strengthen your wands.
You have hidden genetic defects.


Message History

The walking divine tome erupts in a flurry of living spells!
Your angel hits the starcursed mass with a +2 whip of holy wrath!!
The starcursed mass shudders and is absorbed by its neighbour.
Reach: m) +8 trishula "Condemnation" {holy, anguish, *Noise Fly rN+}
Press: ? - help, Dir - move target, f/p - walking divine tome
Aim: a walking divine tome (heavily damaged, ally target, haloed, about 3% to evade the +8 trishula "Condemnation")
You could not reach far enough!
Your angel hits the walking divine tome with a +3 whip of holy wrath!
Your angel barely misses the walking divine tome.
The starcursed mass touches your angel!
The starcursed mass is wracked by anguish!
The starcursed mass shudders and withdraws towards its neighbour. x2
Something completely misses your angel.
Reach: m) +8 trishula "Condemnation" {holy, anguish, *Noise Fly rN+}
Press: ? - help, Dir - move target, f/p - walking divine tome
Aim: a walking divine tome (severely damaged, ally target, haloed, about 3% to evade the +8 trishula "Condemnation")
You reach to attack!
You puncture the walking divine tome!
The walking divine tome is severely damaged.
Your angel hits the walking divine tome with a +3 whip of holy wrath!!
Your angel hits the walking divine tome but does no damage.
The red draconian breathes fire at you. The searing blast misses you.
The searing blast misses your angel.
The walking divine tome barely misses your angel.
The living spell casts itself at you. Something smites you!
* * * LOW HITPOINT WARNING * * *
The living spell casts itself at you. Something smites you!
* * * LOW HITPOINT WARNING * * *
A starcursed mass splits. x2
The starcursed mass is no longer haunted by guilt. x3
Your angel is engulfed in blazing flames.
Your angel hits the walking divine tome with a +3 whip of holy wrath.
The walking divine tome is destroyed!
A starcursed mass splits.
Your angel gestures.
Your angel is healed somewhat.
The red draconian breathes fire at you. The searing blast hits you!!
You die...

#### . #.≈8≈ #⌠.≈≈≈
.#X.††. . # #
⌠X..⌠.. # # #.
..#X....... #φ# #.
##)⌠3...⌠..#.
#X#A##x.†... . #
#X@A##..≈≈≈†. ##
#.##.X##.≈8 X###.
#≈≈ §§~#### # #
≈~§≈♣..... . #.
#~~d~X.#. . . . ##
..≈~...# . .. .
.≈~~..#.. . ..
#...#~~~#....#....#
. ~≈ ~~ ..###. #


You could see 6 starcursed masses, a red draconian (catching breath), an orange
crystal statue, a large abomination, a smoke demon (summoned), a small
abomination (summoned) and 2 friendly angels.

Vanquished Creatures
  the Royal Jelly (Slime:5)
  An ancient lich (Vaults:5)
  A juggernaut (Depths:4)
  7 royal mummies
  Boris (twice) (Crypt:1 Crypt:2)
  Josephina (Crypt:1)
  Bai Suzhen (Crypt:3)
  Vashnia (Snake:3)
  Nikola (Vaults:1)
  Saint Roka (Vaults:1)
  2 golden dragons (Depths:4)
  Jory (Vaults:4)
  A profane servitor (Abyss:3)
  2 bone dragons (Abyss:3)
  Rupert (D:13)
  2 walking crystal tomes (Depths:3)
  A tentacled monstrosity (Depths:3)
  A spectral shard shrike (Crypt:3)
  4 liches
  A deep elf blademaster (Elf:2)
  21 acid blobs
  A walking earthen tome (Depths:2)
  3 titans
  3 deep elf master archers (Elf:3)
  A kraken (Shoals:2)
  11 sphinxes
  8 tentacled starspawn
  An Executioner (Abyss:3)
  4 ancient champions
  Agnes (Elf:1)
  Kirke (Shoals:2)
  4 storm dragons
  6 tengu reavers
  3 shadow dragons
  14 rockslimes
  4 revenants
  4 nagarajas
  16 azure jellies
  A draconian monk (Depths:4)
  8 fire giants
  10 frost giants
  Aizul (Snake:1)
  10 deep elf sorcerers
  3 iron dragons
  A draconian stormcaller (Depths:4)
  An angel (Abyss:3)
  A spectral juggernaut (Crypt:3)
  11 vault wardens
  A balrug (Depths:4)
  Louise (Snake:3)
  A curse skull (Crypt:1)
  4 spriggan defenders
  A spectral caustic shrike (Crypt:3)
  3 deep elf elementalists (Elf:3)
  A juggernaut zombie (Crypt:3)
  A ghost moth (Crypt:3)
  11 ghouls
  23 ironbound preservers
  2 draconian annihilators
  30 very ugly things
  16 stone giants
  15 quicksilver oozes
  An ophan (Abyss:3)
  An orc warlord (Vaults:2)
  A cacodemon (Abyss:5)
  2 war gargoyles (Vaults:5)
  5 ironbound thunderhulks
  8 vampire knights
  3 deep elf demonologists
  A purple draconian (Depths:4)
  A white draconian (Depths:4)
  A black draconian (Abyss:5)
  A yellow draconian (Depths:4)
  2 bennus (Tomb:1)
  A red draconian (Depths:4)
  9 deep elf annihilators
  7 dire elephants
  6 spark wasps
  Snorg (D:12)
  14 eidola
  11 fire dragons
  10 mummy priests
  6 jiangshi
  6 merfolk impalers
  8 deep elf death magi
  2 blizzard demons
  A green death (Abyss:5)
  An entropy weaver (Vaults:3)
  8 deep elf high priests
  2 spectral quicksilver dragons (Crypt:3)
  19 ettins
  An ice dragon (shapeshifter) (Vaults:5)
  7 merfolk javelineers
  3 spectral spriggans (Crypt:3)
  8 ice dragons
  13 yaktaur captains
  7 rakshasas
  8 great orbs of eyes
  35 vault guards
  A quicksilver dragon skeleton (Abyss:5)
  3 salamander tyrants
  2 spriggan skeletons (Tomb:1)
  5 hydras
  5 spriggan air magi
  2 peacekeepers
  The ghost of tizbic2 the Ogre Mage, a novice OgAE of Vehumet (Lair:1)
  11 ironbound frosthearts
  10 two-headed ogres
  2 catoblepae
  7 anacondas
  2 ogre magi
  3 merfolk avatars
  Erica (Lair:1)
  29 dancing weapons
  4 merfolk aquamancers
  2 alligator snapping turtles
  6 boulder beetles
  4 death knights
  22 centaur warriors
  8 deep troll earth magi
  24 death scarabs
  12 naga warriors
  14 thrashing horrors
  11 hell hogs
  4 deep troll shamans
  A bennu skeleton (Crypt:2)
  4 tengu warriors
  2 shock serpents
  5 spriggan berserkers
  3 vampire magi
  An orc high priest (Orc:2)
  A spriggan (Depths:2)
  2 sun demons (Depths:1)
  3 spectral storm dragons (Crypt:3)
  3 soul eaters
  5 skysharks
  20 naga sharpshooters
  8 hell knights
  13 wretched stars
  16 deep elf knights
  A spark wasp zombie (Crypt:2)
  31 skeletal warriors
  2 sixfirhies (Abyss:3)
  4 spatial maelstroms
  A fire crab (Lair:5)
  9 salamander mystics
  8 shadow wraiths
  A golden dragon zombie (Crypt:1)
  6 iron trolls
  3 bog bodies
  66 deep trolls
  6 glowing orange brains
  9 sea snakes
  An orb spider (Abyss:3)
  A fenstrider witch simulacrum (Crypt:1)
  15 phantasmal warriors
  A shadow dragon zombie (Crypt:1)
  11 flayed ghosts
  11 wizards
  9 deep elf archers
  21 ironbound convokers
  A bunyip skeleton (Tomb:1)
  Pikel (D:5)
  5 lindwurms (Vaults:3)
  17 deep elf pyromancers
  6 naga ritualists
  16 orc knights
  4 mana vipers
  31 deep elf zephyrmancers
  4 harpies
  4 necromancers
  2 wolf spider zombies
  2 spectral ettins (Crypt:3)
  2 orc sorcerers
  A will-o-the-wisp (Abyss:3)
  15 cyclopes
  13 manticores
  A faun (shapeshifter) (Depths:3)
  8 shining eyes
  13 elephants
  A shining eye (shapeshifter) (D:14)
  A spectral alligator snapping turtle (Crypt:3)
  34 ugly things
  19 salamanders
  7 worldbinders
  3 guardian serpents
  6 merfolk sirens
  8 water nymphs
  3 eyes of devastation
  25 black mambas
  Joseph (D:7)
  4 apocalypse crabs
  3 rust devils
  21 vault sentinels
  A stone giant skeleton (Crypt:1)
  2 gargoyles
  4 molten gargoyles
  15 smoke demons
  24 naga magi
  Maurice (D:8)
  2 ice statues (IceCv)
  12 orange demons
  Maggie (Lair:1)
  2 rime drakes (Lair:2)
  13 cane toads
  19 yaktaurs
  2 unseen horrors
  3 kobold demonologists
  A red draconian zombie (Crypt:2)
  An orb spider zombie (Crypt:1)
  5 tengu conjurers
  16 freezing wraiths
  3 spectral nagas (Crypt:3)
  15 komodo dragons
  A mana viper zombie (Crypt:2)
  12 guardian mummies
  3 red devils (D:10)
  2 spectral harpies (Crypt:3)
  A catoblepas skeleton (Crypt:2)
  3 meliai (D:15)
  5 ice devils
  15 ancient zymes
  23 merfolk
  3 polar bears
  A queen bee (shapeshifter) (D:11)
  10 trolls
  A mana viper skeleton (Crypt:2)
  Grinder (D:5)
  2 hornets
  13 blink frogs
  30 dream sheep
  2 harpy skeletons
  42 large abominations
  13 wind drakes
  A tengu simulacrum (Crypt:3)
  3 hellwings (Abyss:3)
  A dream sheep (shapeshifter) (Vaults:5)
  25 raiju
  A great orb of eyes zombie (Crypt:3)
  A jumping spider (Vaults:3)
  9 snapping turtles
  95 slime creatures
  25 small abominations
  5 shadows
  A meliai zombie (Crypt:3)
  5 ynoxinuls
  20 flying skulls
  12 air elementals
  39 yaks
  31 water elementals
  12 wyverns
  A dire elephant simulacrum (Crypt:1)
  73 starcursed masses
  7 wraiths
  2 fire bats
  5 ushabtiu (Tomb:1)
  A wind drake zombie (Crypt:1)
  3 fire elementals
  Eustachio (D:5)
  7 chaos spawn
  4 hogs (Shoals:2)
  A redback (shapeshifter) (Vaults:5)
  14 neqoxecs
  5 steam dragons
  2 redbacks (Vaults:3)
  8 basilisks
  8 vampire mosquitoes
  Menkaure (D:5)
  Edmund (D:6)
  A harpy simulacrum (Crypt:1)
  3 wargs
  45 nagas
  4 spatial vortices (Abyss:3)
  3 acid dragons
  2 hell hounds (Lair:5)
  2 hydra simulacra
  19 water moccasins
  3 naga skeletons
  2 floating eyes
  2 black bears
  50 orc warriors
  A sky beast (shapeshifter) (D:14)
  3 ice beasts
  An ettin simulacrum (Crypt:3)
  20 wolves
  11 ogres
  An ogre (shapeshifter) (Abyss:5)
  17 centaurs
  A dream sheep skeleton (Crypt:2)
  A swamp dragon skeleton (Crypt:3)
  3 lemures (D:5)
  A phantom (D:4)
  4 slime creature simulacra (IceCv)
  8 bullfrogs
  2 gnoll sergeants
  A naga simulacrum (Abyss:4)
  A yaktaur skeleton (Crypt:3)
  2 glowing shapeshifter simulacra (IceCv)
  5 earth elementals
  11 wights
  4 necrophages
  A cyclops skeleton (Crypt:3)
  13 killer bees (D:9)
  2 vampire bats (Orc:2)
  7 howler monkeys
  An electric eel (Lair:5)
  5 crimson imps
  5 lava snakes (Lair:5)
  A bullfrog zombie (Crypt:1)
  A centaur zombie (Crypt:2)
  2 hounds (D:5)
  13 jellies
  17 orc priests
  3 gnoll boudas
  2 iron imps (Abyss:3)
  A sleepcap (D:5)
  24 orc wizards
  4 iguanas
  7 hell rats
  2 shapeshifter simulacra (IceCv)
  An acid dragon zombie (Crypt:2)
  An acid dragon skeleton (Crypt:1)
  12 mummies
  25 gnolls
  7 adders
  2 shadow imps
  21 white imps
  An ufetubus (D:5)
  3 worms
  A dart slug (D:9)
  81 orcs
  12 bats
  2 bat zombies (D:3)
  12 endoplasms
  7 giant cockroaches
  8 goblins
  7 hobgoblins
  11 jackals
  2 quokkas
  6 ball pythons
  10 frilled lizards
  A hobgoblin zombie (Crypt:1)
  18 kobolds
  A kobold zombie (Crypt:2)
  An orc zombie (Crypt:1)
  6 rats
  3 rat zombies (D:3)
  3 lurking horrors
  3 starspawn tentacles (Abyss:3)
  4 tentacles (Shoals:2)
2670 creatures vanquished.

Vanquished Creatures (collateral kills)
  An ancient lich (Vaults:4)
  Mara (Elf:3)
  8 royal mummies
  A golden dragon (Vaults:4)
  A walking divine tome (Abyss:5)
  An ancient champion (Tomb:2)
  A tentacled starspawn (Abyss:5)
  A quicksilver ooze (Slime:5)
  4 mummy priests
  10 death scarabs (Tomb:2)
  A deep elf zephyrmancer (Elf:3)
  A centaur zombie (Tomb:2)
  A large abomination (Abyss:5)
  A guardian mummy (Tomb:2)
  A raiju (Abyss:5)
  A flying skull (Tomb:2)
  2 ushabtiu (Tomb:1)
  3 starcursed masses (Abyss:5)
  10 mummies (Tomb:2)
  A starspawn tentacle (Abyss:5)
51 creatures vanquished.

Vanquished Creatures (others)
  A golden dragon (Depths:4)
  A sphinx (Depths:3)
  2 tengu reavers
  2 frost giants
  A vault warden (Vaults:5)
  A fire giant (Depths:3)
  A balrug (Depths:1)
  A deep elf elementalist (Elf:3)
  A spark wasp (Depths:1)
  A merfolk javelineer (Depths:2)
  A vault guard (Vaults:4)
  A thrashing horror (Abyss:3)
  A spriggan berserker (Depths:2)
  A hell knight (Depths:2)
  A shadow wraith (Crypt:3)
  A wretched star (Abyss:3)
  A flayed ghost (Crypt:3)
  2 deep elf zephyrmancers (Elf:1)
  An ugly thing (Depths:1)
  A naga mage (Snake:4)
  A merfolk (Shoals:2)
  A naga (Snake:4)
  2 small abominations (Abyss:3)
  A hell hound (Lair:5)
  A bullfrog skeleton (Crypt:3)
  8 foxfires (Abyss:3)
  2 lurking horrors (Abyss:3)
  19 starspawn tentacles
  8 tentacles (Shoals:2)
66 creatures vanquished.

Grand Total: 2787 creatures vanquished

Notes
Turn   | Place    | Note
-------+----------+-------------------------------------------
     0 | D:1      | Kaboulah the Human Fighter began the quest for the Orb.
     0 | D:1      | Reached XP level 1. HP: 18/18 MP: 1/1
    81 | D:1      | Reached XP level 2. HP: 11/24 MP: 2/2
   238 | D:1      | Found a faded altar of an unknown god.
   484 | D:1      | Reached XP level 3. HP: 25/29 MP: 3/3
  1164 | D:2      | Reached XP level 4. HP: 15/35 MP: 4/4
  1431 | D:2      | Reached skill level 1 in Dodging
  1985 | D:3      | Reached XP level 5. HP: 32/42 MP: 5/5
  2344 | D:3      | Found an ancient bone altar of Kikubaaqudgha.
  2580 | D:4      | Noticed an ice beast
  2590 | D:4      | Killed an ice beast
  2591 | D:4      | Reached skill level 4 in Fighting
  2591 | D:4      | Reached XP level 6. HP: 10/48 MP: 6/6
  2833 | D:4      | Found a glowing golden altar of the Shining One.
  2853 | D:4      | Became a worshipper of the Shining One
  2906 | D:4      | Reached skill level 1 in Throwing
  3626 | D:4      | Noticed an orc warrior
  3643 | D:4      | Killed an orc warrior
  3644 | D:4      | Reached skill level 1 in Invocations
  3644 | D:4      | Reached XP level 7. HP: 45/55 MP: 7/7
  3978 | D:5      | Entered Level 5 of the Dungeon
  4062 | D:5      | Noticed Menkaure
  4071 | D:5      | Killed Menkaure
  4292 | D:5      | Found a broken altar of Ashenzari.
  4332 | D:5      | Found a sacrificial altar of Ru.
  4348 | D:5      | Noticed Eustachio
  4421 | D:5      | Found a stormy altar of Qazlal.
  4421 | D:5      | Found a blossoming altar of Fedhas.
  4475 | D:5      | Killed Eustachio
  4475 | D:5      | Reached * piety under the Shining One
  4476 | D:5      | Reached skill level 5 in Armour
  4476 | D:5      | Reached skill level 5 in Shields
  4476 | D:5      | Reached XP level 8. HP: 44/61 MP: 9/9
  4555 | D:5      | Reached skill level 5 in Fighting
  4600 | D:5      | Noticed Grinder
  4662 | D:5      | Killed Grinder
  4665 | D:5      | Noticed Pikel
  4858 | D:5      | Killed Pikel
  4859 | D:5      | Reached XP level 9. HP: 53/69 MP: 11/11
  4959 | D:5      | Reached skill level 6 in Fighting
  5100 | D:5      | Found an opulent altar of Gozag.
  5101 | D:5      | Found Gozag's Platinum Reserve.
  5733 | D:6      | Noticed Edmund
  5750 | D:6      | Killed Edmund
  6481 | D:6      | Reached ** piety under the Shining One
  6960 | D:7      | Reached skill level 1 in Maces & Flails
  7023 | D:7      | Reached XP level 10. HP: 72/77 MP: 12/12
  7472 | D:7      | Found a flagged portal.
  7493 | Bailey   | Entered a bailey
  7523 | Bailey   | Noticed an orc warlord
  7619 | Bailey   | Found a runed translucent gate.
  7621 | Bailey   | Found a runed translucent gate.
  7622 | Bailey   | Found a runed translucent gate.
  7886 | D:7      | Found a staircase to the Ecumenical Temple.
  7935 | D:7      | Reached skill level 7 in Fighting
  8260 | D:7      | Noticed Joseph
  8281 | D:7      | Killed Joseph
  8731 | D:7      | Noticed a komodo dragon
  8757 | D:7      | Killed a komodo dragon
  9159 | D:8      | Identified the +9 ring mail "Xirch" {+Blink Regen+ Int+2}
  9425 | D:8      | Reached *** piety under the Shining One
  9434 | D:8      | Reached XP level 11. HP: 86/86 MP: 14/14
  9445 | D:8      | Noticed Maurice
  9458 | D:8      | Killed Maurice
  9459 | D:8      | Reached skill level 5 in Invocations
  9723 | D:8      | Upgraded the game from 0.30.0-10-gfe55d96785 to
                  | 0.30.0-11-gf55b779eaf
  9725 | D:9      | Found a radiant altar of Vehumet.
  9735 | D:9      | Reached skill level 8 in Fighting
  9861 | D:9      | Reached skill level 5 in Long Blades
  9888 | D:9      | Found a sparkling altar of Nemelex Xobeh.
  9984 | D:9      | Reached skill level 5 in Dodging
 10062 | D:9      | Found a transporter.
 10067 | D:9      | Found a transporter.
 10110 | D:9      | Found a transporter.
 10114 | D:9      | Found a transporter.
 10117 | D:9      | Found a transporter.
 10120 | D:9      | Found a transporter.
 10148 | D:9      | Reached skill level 5 in Throwing
 10179 | D:9      | Noticed a two-headed ogre
 10233 | D:9      | Found a snail-covered altar of Cheibriados.
 10235 | D:9      | Found a staircase to the Orcish Mines.
 10281 | D:9      | Killed a two-headed ogre
 10489 | D:10     | Entered Level 10 of the Dungeon
 10652 | D:10     | Noticed a cyclops
 10653 | D:10     | Reached skill level 9 in Fighting
 10654 | D:10     | Reached **** piety under the Shining One
 10677 | D:10     | Reached XP level 12. HP: 95/95 MP: 16/16
 10746 | D:10     | Found a staircase to the Lair.
 10812 | D:10     | Found a white marble altar of Elyvilon.
 10995 | D:10     | Found Ciovowecw's Antique Armour Shoppe.
 11002 | D:10     | Bought a glowing cloak for 195 gold pieces
 11119 | D:10     | Found an ornate altar of the Wu Jian Council.
 11129 | D:10     | Found an iron altar of Okawaru.
 11725 | Orc:1    | Entered Level 1 of the Orcish Mines
 11734 | Orc:2    | Entered Level 2 of the Orcish Mines
 11734 | Orc:2    | Found a staircase to the Elven Halls.
 11824 | Orc:1    | Noticed a two-headed ogre
 11841 | D:9      | Killed a two-headed ogre
 12643 | Orc:1    | Reached skill level 10 in Fighting
 12954 | Orc:1    | Reached XP level 13. HP: 70/103 MP: 18/18
 13731 | Orc:2    | Found Dibixoz's Antique Weapon Shop.
 13731 | Orc:2    | Found Ywkyqoz's Armour Shoppe.
 13733 | Orc:2    | Found Bisch's Distillery.
 13735 | Orc:2    | Found Qerep's Antique Weapon Boutique.
 14113 | Orc:2    | Found Wirecvat's Distillery.
 14523 | Orc:2    | Bought a potion of heal wounds for 60 gold pieces
 14556 | Orc:2    | Bought a potion of haste for 140 gold pieces
 14556 | Orc:2    | Bought a potion of flight for 42 gold pieces
 14556 | Orc:2    | Bought a potion of heal wounds for 70 gold pieces
 14556 | Orc:2    | Bought 2 potions of curing for 84 gold pieces
 14556 | Orc:2    | Bought a potion of curing for 42 gold pieces
 14630 | Orc:2    | Upgraded the game from 0.30.0-11-gf55b779eaf to
                  | 0.30.0-13-g156ef70053
 14687 | Lair:1   | Entered Level 1 of the Lair of Beasts
 14808 | Lair:1   | Found a runed translucent door.
 14809 | Lair:1   | Found a shimmering altar of Xom.
 14809 | Lair:1   | Noticed tizbic2's ghost (novice OgAE)
 14833 | Lair:1   | Killed tizbic2's ghost
 14834 | Lair:1   | Reached skill level 11 in Fighting
 15010 | Lair:1   | Noticed Maggie
 15018 | Lair:1   | Killed Maggie
 15114 | Lair:1   | Noticed Erica
 15153 | Lair:1   | Killed Erica
 15191 | Lair:1   | Reached XP level 14. HP: 108/113 MP: 20/20
 16310 | Lair:2   | Reached skill level 10 in Long Blades
 16727 | Lair:2   | Found a staircase to the Snake Pit.
 17039 | Lair:2   | Upgraded the game from 0.30.0-13-g156ef70053 to
                  | 0.30.0-15-g856e2d3f33
 17188 | Lair:3   | Reached ***** piety under the Shining One
 17219 | Lair:3   | Found a frozen archway.
 17233 | IceCv    | Entered an ice cave
 17456 | IceCv    | Reached skill level 12 in Fighting
 17558 | IceCv    | Noticed a quicksilver ooze
 17567 | IceCv    | Killed a quicksilver ooze
 17714 | IceCv    | Reached skill level 10 in Armour
 17822 | IceCv    | Noticed an azure jelly
 17834 | IceCv    | Killed an azure jelly
 17844 | IceCv    | Found a viscous altar of Jiyva.
 17874 | IceCv    | Identified the amulet of Liberty {Spirit Fly}
 17882 | IceCv    | Got the +4 spear of the Crawling Thing {freeze, Str+10
                  | Int-3}
 17886 | IceCv    | Got the +7 dagger of the Irksome God {freeze, rElec rPois
                  | Str+2 Stlth-}
 18065 | Lair:3   | Reached skill level 1 in Polearms
 18216 | Lair:3   | Reached XP level 15. HP: 113/121 MP: 18/21
 18599 | Lair:3   | Found a staircase to the Shoals.
 18786 | Lair:4   | Reached skill level 5 in Polearms
 19032 | Lair:4   | Identified the +4 ring mail of Xom's Regard {Int+3}
 20001 | Temple   | Entered the Ecumenical Temple
 20638 | Lair:5   | Entered Level 5 of the Lair of Beasts
 21479 | Lair:5   | Reached skill level 10 in Polearms
 21508 | Lair:5   | Found a staircase to the Slime Pits.
 21513 | Lair:5   | Found a viscous altar of Jiyva.
 21723 | Lair:5   | Found a large runed translucent door.
 21723 | Lair:5   | Found a large runed translucent door.
 21825 | Lair:5   | Reached skill level 10 in Shields
 22666 | D:11     | Reached XP level 16. HP: 129/129 MP: 22/22
 22705 | D:11     | Upgraded the game from 0.30.0-15-g856e2d3f33 to
                  | 0.30.0-16-gbe6223bb7e
 23214 | D:11     | Identified the +10 scimitar of Feile {freeze, *Rage rPois
                  | rCorr Stlth+}
 23608 | D:12     | Identified the +0 ring mail "Riptoni" {Will- rCorr Int+5}
 23747 | D:12     | Noticed Snorg
 23755 | D:12     | Killed Snorg
 24934 | D:13     | Noticed Rupert
 24956 | D:14     | Reached ****** piety under the Shining One
 24991 | D:13     | Paralysed by Rupert for 4 turns
 25006 | D:13     | Killed Rupert
 25007 | D:13     | Reached skill level 13 in Fighting
 25580 | D:14     | Gained mutation: Your spells are a little easier to cast,
                  | but a little less powerful. [a shining eye]
 25799 | D:14     | Found a shadowy altar of Dithmenos.
 25850 | D:14     | Found a gate to the Vaults.
 26268 | D:15     | Entered Level 15 of the Dungeon
 26675 | D:15     | Reached skill level 10 in Invocations
 26679 | D:15     | Reached XP level 17. HP: 137/137 MP: 21/24
 26772 | D:15     | Found an iron altar of Okawaru.
 27083 | D:15     | Found a staircase to the Depths.
 27438 | Lair:2   | Upgraded the game from 0.30.0-16-gbe6223bb7e to
                  | 0.30.0-17-ge0270778cf
 27450 | Snake:1  | Entered Level 1 of the Snake Pit
 27524 | Snake:1  | Noticed Aizul
 27542 | Snake:1  | Killed Aizul
 27742 | Snake:1  | Found Zunn's Distillery.
 27742 | Snake:1  | Found Ytoyxel's Jewellery Shoppe.
 27759 | Snake:1  | Bought a potion of curing for 39 gold pieces
 27759 | Snake:1  | Bought a potion of heal wounds for 65 gold pieces
 27759 | Snake:1  | Bought a potion of might for 52 gold pieces
 28073 | Snake:1  | Found a runed translucent door.
 28074 | Snake:1  | Noticed Dadghomedgh's ghost (adept GnHW)
 28676 | Snake:2  | Reached skill level 14 in Fighting
 28944 | Snake:2  | Reached skill level 10 in Dodging
 30120 | Snake:3  | Reached skill level 10 in Throwing
 30292 | Snake:3  | Found Ullaudot's Antique Armour Shop.
 30396 | Snake:3  | Noticed Louise
 30550 | Snake:3  | Killed Louise
 31387 | Snake:4  | Entered Level 4 of the Snake Pit
 31387 | Snake:4  | Noticed Vashnia
 31478 | Snake:3  | Killed Vashnia
 31933 | Snake:4  | Reached XP level 18. HP: 142/147 MP: 26/26
 32775 | Snake:4  | Reached skill level 15 in Fighting
 33322 | Snake:4  | Got a serpentine rune of Zot
 33409 | Snake:1  | Bought a ring of see invisible for 225 gold pieces
 33491 | Shoals:1 | Entered Level 1 of the Shoals
 33502 | Shoals:1 | Identified the +0 whip "Hell-Harrower" {speed, Int+2}
 34931 | Shoals:2 | Identified Roxanne's Verses on Reconstruction
 34931 | Shoals:2 | Noticed Roxanne
 35612 | Shoals:2 | Noticed a kraken
 35654 | Shoals:2 | Reached XP level 19. HP: 155/155 MP: 27/27
 35711 | Shoals:2 | Noticed Kirke
 35733 | Shoals:2 | Killed Kirke
 36497 | Shoals:3 | Found Kemoipsi's CLEARANCE SALE!.
 37263 | Shoals:3 | Bought a scroll of identify for 10 gold pieces
 37659 | Shoals:4 | Entered Level 4 of the Shoals
 37814 | Shoals:4 | Paralysed by an air elemental for 1 turns
 37817 | Shoals:4 | Paralysed by an air elemental for 1 turns
 37936 | Shoals:4 | Paralysed by an air elemental for 1 turns
 37999 | Shoals:4 | Paralysed by an air elemental for 1 turns
 38315 | Shoals:4 | Identified the ring "Baevos" {rPois Int-2 Slay+5 SInv}
 38419 | Shoals:4 | Paralysed by an air elemental for 1 turns
 38565 | Shoals:4 | Reached skill level 16 in Fighting
 38609 | Shoals:4 | Identified the +11 plate armour of Hairiness {-Cast Will+
                  | Str+4}
 38736 | Shoals:4 | Identified the ring "Rereilej" {Will+ SInv Stlth+}
 38950 | Shoals:4 | Paralysed by an air elemental for 1 turns
 39011 | Shoals:4 | Paralysed by an air elemental for 1 turns
 39076 | Shoals:4 | Paralysed by an air elemental for 1 turns
 39150 | Shoals:4 | Found a stormy altar of Qazlal.
 39292 | Shoals:4 | Paralysed by an air elemental for 1 turns
 39294 | Shoals:4 | Paralysed by an air elemental for 1 turns
 39296 | Shoals:4 | Paralysed by an air elemental for 1 turns
 39300 | Shoals:4 | Paralysed by an air elemental for 1 turns
 39367 | Shoals:4 | Paralysed by an air elemental for 1 turns
 39375 | Shoals:4 | Paralysed by an air elemental for 1 turns
 39443 | Shoals:4 | Paralysed by an air elemental for 1 turns
 40092 | Shoals:4 | Got a barnacled rune of Zot
 40376 | Elf:1    | Entered Level 1 of the Elven Halls
 40529 | Abyss:3  | Found a corrupted altar of Lugonu.
 40529 | Abyss:3  | Cast into level 3 of the Abyss (+3 short sword of
                  | distortion)
 40609 | Elf:1    | Escaped the Abyss
 41097 | Elf:1    | Reached XP level 20. HP: 154/166 MP: 26/29
 41432 | Elf:1    | Found a portal to a secret trove of treasure.
 42226 | Elf:1    | Found Cyskagre's General Store.
 42246 | Elf:1    | Bought a throwing net for 51 gold pieces
 42246 | Elf:1    | Bought a potion of heal wounds for 85 gold pieces
 42266 | Elf:1    | Noticed Agnes
 42276 | Elf:1    | Killed Agnes
 42410 | Elf:1    | Found Heibeot's Antique Weapon Boutique.
 42426 | Elf:1    | Bought a scorched trident for 323 gold pieces
 42426 | Elf:1    | Identified the +9 trident of the Freezing God {spect,
                  | rPois} (You bought it in a shop on level 1 of the Elven
                  | Halls)
 42591 | Elf:1    | Found Ruongoan's General Store.
 42737 | Elf:2    | Found Gateuled's Weapon Boutique.
 42741 | Elf:2    | Bought 3 boomerangs of dispersal for 270 gold pieces
 42762 | Elf:2    | Paralysed by an air elemental for 1 turns
 43826 | Elf:2    | Found a huge runed translucent gate.
 43826 | Elf:2    | Found a huge runed translucent gate.
 43835 | Elf:2    | Found a huge runed translucent gate.
 43836 | Elf:2    | Found a huge runed translucent gate.
 43836 | Elf:2    | Found a huge runed translucent gate.
 44164 | Elf:3    | Entered Level 3 of the Elven Halls
 44374 | Elf:3    | Reached skill level 17 in Fighting
 44657 | Elf:3    | Identified the +8 rapier of Triumph {vamp, *Corrode Dex+3}
 44657 | Elf:3    | Identified the +1 leather armour of Finwarr {rPois Dex+5}
 44735 | Elf:3    | Identified the +1 war axe of Lojaus {venom, rF+ rCorr
                  | Str+7}
 44736 | Elf:3    | Noticed a Hell Sentinel
 45055 | Elf:3    | Identified the +9 glaive "Vaeggumm" {drain, rCorr Str+2}
 45408 | Elf:3    | Identified the +0 ring mail of Elyvilon's Pride {Harm Fly}
 46228 | Elf:3    | Noticed Mara
 46240 | Elf:3    | Killed Mara
 46296 | Elf:3    | Reached XP level 21. HP: 174/174 MP: 30/30
 46712 | Elf:3    | Found Depa's Weapon Emporium.
 46715 | Elf:3    | Bought 5 silver boomerangs for 360 gold pieces
 48757 | Lair:5   | Upgraded the game from 0.30.0-17-ge0270778cf to
                  | 0.30.0-19-g36f170ea60
 48760 | Slime:1  | Entered Level 1 of the Pits of Slime
 49556 | Slime:2  | Gained mutation: Your magical capacity is low. (-10% MP) [a
                  | shining eye]
 50309 | Slime:3  | Gained mutation: You sometimes lose your temper in combat.
                  | [a shining eye]
 50913 | Slime:4  | Paralysed by a floating eye for 2 turns
 51325 | Slime:3  | Reached skill level 18 in Fighting
 51328 | Slime:3  | Gained mutation: You are dopey. (Int -2) [a shining eye]
 51331 | Slime:3  | Gained mutation: Your spells are easier to cast, but less
                  | powerful. [a shining eye]
 51337 | Slime:3  | Gained mutation: You occasionally lose the ability to drink
                  | potions when taking damage. [a shining eye]
 51338 | Slime:3  | Gained mutation: You are very dopey. (Int -4) [a shining
                  | eye]
 51654 | Slime:5  | Entered Level 5 of the Pits of Slime
 52067 | Slime:5  | Noticed the Royal Jelly
 52068 | Slime:5  | Gained mutation: You are frail. (-10% HP) [a shining eye]
 52071 | Slime:4  | Gained mutation: Your magical capacity is very low. (-20%
                  | MP) [a shining eye]
 53093 | Slime:5  | Reached XP level 22. HP: 126/165 MP: 25/25
 53468 | Slime:5  | Found a viscous altar of Jiyva.
 53534 | Slime:5  | Killed the Royal Jelly
 54508 | Slime:5  | Got a slimy rune of Zot
 54542 | Slime:5  | Identified the +8 shortbow "Qecwer" {drain, rElec rF+ rC+
                  | Str-2}
 54605 | Slime:5  | Identified the +0 pair of gloves of the Hall of Blades
                  | {rPois MP+9}
 55509 | D:11     | Lost mutation: You are very dopey. (Int -4) [potion of
                  | mutation]
 55509 | D:11     | Lost mutation: You are frail. (-10% HP) [potion of
                  | mutation]
 55509 | D:11     | Lost mutation: You are dopey. (Int -2) [potion of mutation]
 55509 | D:11     | Gained mutation: You passively dampen the noise of your
                  | surroundings. [potion of mutation]
 55510 | D:11     | Lost mutation: Your magical capacity is very low. (-20% MP)
                  | [potion of mutation]
 55510 | D:11     | Lost mutation: Your spells are easier to cast, but less
                  | powerful. [potion of mutation]
 55510 | D:11     | Lost mutation: Your magical capacity is low. (-10% MP)
                  | [potion of mutation]
 55510 | D:11     | Gained mutation: You have sharp toenails. [potion of
                  | mutation]
 55511 | D:11     | Lost mutation: Your spells are a little easier to cast, but
                  | a little less powerful. [potion of mutation]
 55511 | D:11     | Lost mutation: You sometimes lose your temper in combat.
                  | [potion of mutation]
 55511 | D:11     | Lost mutation: You occasionally lose the ability to drink
                  | potions when taking damage. [potion of mutation]
 55511 | D:11     | Gained mutation: Your muscles are strong. (Str +4, Int/Dex
                  | -1) [potion of mutation]
 55511 | D:11     | Gained mutation: Your body sometimes deteriorates upon
                  | taking damage. [potion of mutation]
 55512 | D:11     | Lost mutation: You have sharp toenails. [potion of
                  | mutation]
 55512 | D:11     | Lost mutation: Your body sometimes deteriorates upon taking
                  | damage. [potion of mutation]
 55512 | D:11     | Gained mutation: You expend magic power (3 MP) to
                  | strengthen your wands. [potion of mutation]
 55512 | D:11     | Gained mutation: You are agile. (Dex +4, Str/Int -1)
                  | [potion of mutation]
 55623 | Vaults:1 | Entered Level 1 of the Vaults
 56886 | Vaults:1 | Noticed Saint Roka
 56916 | Vaults:1 | Killed Saint Roka
 57195 | Vaults:1 | Noticed Nikola
 57365 | Vaults:1 | Killed Nikola
 57942 | Vaults:2 | Found a staircase to the Crypt.
 58271 | Vaults:2 | Reached skill level 19 in Fighting
 59034 | Vaults:2 | Reached XP level 23. HP: 79/194 MP: 16/34
 60631 | Vaults:2 | Found Siej Vyi's Distillery.
 60639 | Vaults:2 | Bought a potion of curing for 48 gold pieces
 60639 | Vaults:2 | Bought a potion of haste for 160 gold pieces
 61303 | Vaults:3 | Reached skill level 15 in Invocations
 61699 | Vaults:3 | Reached skill level 15 in Armour
 62139 | Vaults:3 | Reached skill level 15 in Shields
 62535 | Vaults:3 | Identified the +0 scale mail of the Dragon {Dex+3}
 62546 | Vaults:3 | Found Xataqaeps's Weapon Shoppe.
 62828 | Vaults:4 | Noticed Jory
 62845 | Vaults:4 | Killed Jory
 63736 | Vaults:4 | Reached skill level 20 in Fighting
 64014 | Vaults:4 | Reached XP level 24. HP: 204/204 MP: 34/34
 64687 | Crypt:1  | Entered Level 1 of the Crypt
 64687 | Crypt:1  | Noticed Boris
 64719 | Crypt:1  | Killed Boris
 65023 | Crypt:1  | Identified the ring "Fitaze" {Ice Fly rElec MP+9}
 65023 | Crypt:1  | Noticed Josephina
 65040 | Crypt:1  | Killed Josephina
 65186 | Crypt:1  | Identified the +5 scale mail of Magic {rElec Int+4}
 66943 | Crypt:2  | Noticed Boris
 67748 | Crypt:2  | Killed Boris
 68197 | Crypt:3  | Entered Level 3 of the Crypt
 68745 | Crypt:3  | Found a staircase to the Tomb.
 68995 | Crypt:3  | Identified the +0 scale mail of the Untouchables {rN++}
 69023 | Crypt:3  | Found the +8 trishula "Condemnation" {holy, anguish, *Noise
                  | Fly rN+}
 69225 | Crypt:3  | Reached skill level 15 in Throwing
 69653 | Crypt:3  | Reached XP level 25. HP: 197/213 MP: 35/35
 69693 | Crypt:3  | Noticed Bai Suzhen
 69752 | Crypt:3  | Killed Bai Suzhen
 69876 | Crypt:3  | Reached skill level 15 in Dodging
 70136 | Crypt:3  | Reached skill level 21 in Fighting
 70505 | Crypt:3  | Identified the +0 helmet "Giemen" {Slay+3}
 70547 | Crypt:3  | Identified the ring "Jaithelugu" {Fly rN+ Str+2}
 71086 | Snake:1  | Bought the amulet of Due Proportion {Faith Fragile rElec
                  | rPois Str+4} for 915 gold pieces
 71397 | Vaults:5 | Entered Level 5 of the Vaults
 71525 | Vaults:5 | Noticed an ancient lich
 71916 | Vaults:4 | Killed an ancient lich
 72142 | Vaults:5 | Noticed an ancient lich
 72155 | Vaults:5 | Killed an ancient lich
 72173 | Vaults:5 | Identified the +7 falchion of Kiojota {antimagic, Str+2}
 72179 | Vaults:5 | Got a silver rune of Zot
 72207 | Vaults:5 | Got the Grimoire of Twisted Permutations
 72208 | Vaults:5 | Identified the +9 war axe of Indignation {spect, Fly rF+
                  | rC- Dex+4}
 72209 | Vaults:5 | Identified the +1 robe of the Beginning {Str+2 SInv}
 72233 | Vaults:5 | Identified the amulet "Fecui" {Reflect rF+ Int+5 SH+5}
 72405 | Vaults:5 | Identified the +1 scale mail "Noxijumi" {rElec rF- MP+9
                  | Slay+2}
 72728 | Vaults:5 | Got Sif Muna's Grimoire of Air
 72758 | Vaults:5 | Reached XP level 26. HP: 222/222 MP: 35/35
 73591 | Vaults:5 | Identified the staff of earth "Huxzymea" {+Blink}
 73798 | Vaults:1 | Upgraded the game from 0.30.0-19-g36f170ea60 to
                  | 0.30.0-29-ga12c61a403
 73902 | Tomb:1   | Entered Level 1 of the Tomb of the Ancients
 74392 | Tomb:1   | Noticed a royal mummy
 74401 | Tomb:1   | Killed a royal mummy
 75138 | Tomb:1   | Noticed a royal mummy
 75156 | Tomb:1   | Killed a royal mummy
 75557 | Tomb:1   | Noticed a royal mummy
 75565 | Tomb:1   | Killed a royal mummy
 75854 | Tomb:2   | Noticed a royal mummy
 75861 | Tomb:2   | Killed a royal mummy
 75873 | Tomb:2   | Noticed a royal mummy
 75874 | Tomb:2   | Noticed a royal mummy
 75874 | Tomb:2   | Noticed a royal mummy
 75879 | Tomb:2   | Killed a royal mummy
 75887 | Tomb:2   | Killed a royal mummy
 75888 | Tomb:2   | Reached skill level 22 in Fighting
 75891 | Tomb:2   | Killed a royal mummy
 76413 | Tomb:2   | Gained mutation: You occasionally shout uncontrollably at
                  | your foes. [mutagenic glow]
 76425 | Tomb:2   | Gained mutation: You are partially covered in iridescent
                  | scales. (AC +2) [mutagenic glow]
 76603 | Tomb:1   | Noticed a royal mummy
 76606 | Tomb:1   | Noticed a royal mummy
 76614 | Tomb:1   | Killed a royal mummy
 76622 | Tomb:1   | Noticed a royal mummy
 76623 | Tomb:1   | Killed a royal mummy
 76624 | Tomb:1   | Killed a royal mummy
 76625 | Tomb:1   | Noticed a royal mummy
 76632 | Tomb:1   | Killed a royal mummy
 76909 | Tomb:1   | Noticed a royal mummy
 76917 | Tomb:1   | Killed a royal mummy
 77050 | Tomb:1   | Noticed a royal mummy
 77052 | Tomb:1   | Noticed a royal mummy
 77052 | Tomb:1   | Noticed a royal mummy
 77058 | Tomb:1   | Killed a royal mummy
 77059 | Tomb:1   | Reached XP level 27. HP: 81/231 MP: 35/35
 77062 | Tomb:1   | Killed a royal mummy
 77065 | Tomb:1   | Noticed a royal mummy
 77069 | Tomb:1   | Noticed a royal mummy
 77070 | Tomb:1   | Killed a royal mummy
 77071 | Tomb:1   | Noticed a royal mummy
 77079 | Tomb:1   | Noticed a royal mummy
 77598 | Depths:1 | Entered Level 1 of the Depths
 77714 | Depths:1 | Found Fagahac's Jewellery Boutique.
 77716 | Depths:1 | Found Qecsul's Book Shoppe.
 77717 | Depths:1 | Found Suokaudd's Jewellery Boutique.
 77749 | Depths:1 | Bought the amulet of Jaelli Zobi {Spirit Contam rElec Str+5
                  | Dex+3} for 1048 gold pieces
 77897 | Depths:1 | Found a one-way gateway to a ziggurat.
 78121 | Depths:1 | Found a one-way gate leading to the halls of Pandemonium.
 78238 | Depths:1 | Identified the ring "Perawi" {Fire Will+ Str+2 Dex+4}
 78268 | Depths:1 | Identified the amulet of Gubofa {Faith rN+}
 78490 | Depths:1 | Found a gateway to Hell.
 78977 | Depths:2 | Identified the +11 quarterstaff of the Firefly {heavy, rF+}
 79645 | Depths:3 | Found a glowing golden altar of the Shining One.
 80428 | Depths:3 | Identified the +0 robe of Words of Power {Will+}
 80461 | Depths:3 | Got the Elucidation of Coarse Transmogrification
 80473 | Depths:3 | Found a one-way gate to the infinite horrors of the Abyss.
 81456 | Depths:4 | Entered Level 4 of the Depths
 81637 | Depths:4 | Found a corrupted altar of Lugonu.
 81795 | Depths:4 | Noticed a juggernaut
 81827 | Depths:4 | Killed a juggernaut
 82433 | Depths:4 | Reached skill level 15 in Polearms
 82502 | Depths:4 | Reached skill level 23 in Fighting
 82896 | Depths:4 | Found a gate to the Realm of Zot.
 83346 | Depths:3 | Voluntarily entered the Abyss.
 83449 | Abyss:3  | Found a corrupted altar of Lugonu.
 83495 | Abyss:3  | Found a corrupted altar of Lugonu.
 83739 | Abyss:3  | Found a corrupted altar of Lugonu.
 83898 | Abyss:3  | Paralysed by you for 3 turns
 83962 | Abyss:3  | Found a corrupted altar of Lugonu.
 84136 | Abyss:3  | Found a corrupted altar of Lugonu.
 84213 | Abyss:3  | Found a corrupted altar of Lugonu.
 84335 | Abyss:3  | Found a corrupted altar of Lugonu.
 84352 | Abyss:3  | Found a corrupted altar of Lugonu.
 84384 | Abyss:3  | Paralysed by accursed screaming for 1 turns
 84405 | Abyss:3  | Paralysed by accursed screaming for 1 turns
 84606 | Abyss:3  | Gained mutation: You occasionally lose the ability to drink
                  | potions when taking damage. [a neqoxec]
 84607 | Abyss:3  | Gained mutation: You are frail. (-10% HP) [a neqoxec]
 84648 | Abyss:3  | Lost mutation: You passively dampen the noise of your
                  | surroundings. [potion of mutation]
 84648 | Abyss:3  | Lost mutation: Your muscles are strong. (Str +4, Int/Dex
                  | -1) [potion of mutation]
 84648 | Abyss:3  | Lost mutation: You are partially covered in iridescent
                  | scales. (AC +2) [potion of mutation]
 84648 | Abyss:3  | Lost mutation: You are frail. (-10% HP) [potion of
                  | mutation]
 84799 | Abyss:3  | Found a corrupted altar of Lugonu.
 85091 | Abyss:5  | Found a corrupted altar of Lugonu.
 85091 | Abyss:5  | Found a corrupted altar of Lugonu.
 85132 | Abyss:5  | Found a corrupted altar of Lugonu.
 85137 | Abyss:5  | Found a corrupted altar of Lugonu.
 85175 | Abyss:5  | Found a corrupted altar of Lugonu.
 85263 | Abyss:5  | Paralysed by accursed screaming for 1 turns
 85307 | Abyss:5  | Found a corrupted altar of Lugonu.
 85315 | Abyss:5  | Gained mutation: You are extremely frail. (-30% HP) [a
                  | neqoxec]
 85317 | Abyss:5  | Gained mutation: You sometimes lose the ability to drink
                  | potions when taking damage. [a neqoxec]
 85375 | Abyss:5  | Gained mutation: You are weak. (Str -2) [a neqoxec]
 85382 | Abyss:5  | Gained mutation: You frequently scream uncontrollably at
                  | your foes. [a neqoxec]
 85430 | Abyss:5  | Paralysed by accursed screaming for 2 turns
 85462 | Abyss:5  | Paralysed by accursed screaming for 1 turns
 85521 | Abyss:5  | Gained mutation: You have hidden genetic defects. [a
                  | neqoxec]
 85522 | Abyss:5  | Gained mutation: You are very weak. (Str -4) [a neqoxec]
 85533 | Abyss:5  | Paralysed by accursed screaming for 1 turns
 85562 | Abyss:5  | Killed from afar by a red draconian

Illustrated notes

Levels and vault maps discovered:
D:1:      lightli_arrival_quake, layout_basic, basic_ecumenical_altar
D:2:      layout_basic, chequers_serial_rivers_small_b, kennysheep_donut
D:3:      layout_loops_ring, lemuel_zombie_altar_kikubaaqudgha
D:4:      layout_loops_corners, mainiacjoe_overflow_cross_hatched,
          grunt_tough_drop
D:5:      layout_basic, grunt_temple_overflow_forces_of_nature,
          nicolae_gozag_zags_fifth_avenue, nicolae_ru_sacrificial_ziggurat,
          lemuel_doored_altar, kennysheep_generic_room_12, uniq_grinder,
          uniq_eustachio, uniq_menkaure, uniq_pikel
D:6:      layout_cave_pools, kennysheep_small_spiral, chequers_decorated_corner,
          nrook_mini_backslash, kb_lookout_dungeons_type,
          kennysheep_cross_bottleneck, uniq_edmund
D:7:      kennysheep_steamy, layout_basic, minmay_temple_entry_glass,
          enter_bailey_7, minmay_lizard_king, uniq_joseph
D:8:      layout_rooms, uniq_maurice
D:9:      layout_basic, vehumet_crystals, kennysheep_slug_shrine,
          nemelex_diamond_rough_becter, orc_0_dummy, serial_nicolae_subway,
          nicolae_sub_station_stone, nicolae_sub_station_crystal,
          nicolae_sub_station_metal
D:10:     layout_loops_ring, general_overflow_altar,
          mainiacjoe_overflow_catwalk_spiral, minmay_lair_entry_grove,
          serial_shops, nicolae_square_shop, kennysheep_decorative_pillar,
          hangedman_decor_growths, minmay_beelzebubs_servants
D:11:     layout_cave_pools, minivault_23, minmay_shattered_shrine
D:12:     layout_loops_ring, uniq_snorg
D:13:     layout_cave_pods, minmay_misc_feat_chi, st_stairs_3, uniq_rupert
D:14:     layout_big_octagon, skrybe_vaults_entry_preservation,
          serial_co_window_serial, co_window_corner_a, co_window_paths_b,
          co_window_paths_a, co_window_of_opportunity_a,
          co_window_of_opportunity_a, co_window_paths_c,
          co_window_of_opportunity_b, co_window_broadway_a,
          co_window_unsneaky_path_a, co_window_paths_e, glass_columns_a,
          nicolae_water_bricks, nicolae_dithmenos_through_a_glass_darkly
D:15:     grunt_enter_depths_hoard, layout_loops_ring, okawaru_gym_becter
Temple:   pf_slimified_temple
Lair:1:   wander_river, layout_loops_ring, ebering_ghost_xom, uniq_erica,
          uniq_maggie
Lair:2:   layout_hall_layers, minmay_snake_entry_guardpost_large, st_stairs_7
Lair:3:   layout_regular_city, shoals_dummy_entry, portal_ice_cave_entry_imps
Lair:4:   beargit_carnivore_pack, layout_regular_city, grunt_megastairs_1,
          lemuel_fruit_tree
Lair:5:   cheibrodos_lair_end_hotspot, layout_cave_shapes,
          minmay_slime_entry_jelly_boxes, serial_bayou_shore_a
Shoals:1: layout_shoals, st_cyclops
Shoals:2: layout_shoals, ldierk_geyser, uniq_kirke, uniq_roxanne
Shoals:3: layout_shoals, nicolae_shop_clearance
Shoals:4: shoals_end_hellmonk_storm_palace [storm_palace_center_ruins,
          storm_palace_corner_blocked, storm_palace_corner_altar,
          storm_palace_corner_reverse_hut, storm_palace_corner_reverse_hut],
          serial_shops
Snake:1:  layout_misc_corridors, ebering_ghost_reflecting_pool,
          minmay_shoptagon, nicolae_triple_integral, uniq_aizul
Snake:2:  layout_onion_interference
Snake:3:  layout_chambers, serial_shops, nicolae_shop_statue_plus,
          fake_guardian_serpent_vault, uniq_louise
Snake:4:  snake_pit, layout_grid_shapes, grunt_megastairs_5, uniq_vashnia
Slime:1:  layout_caves
Slime:2:  cheibrodos_slime_lost_civilization_8, layout_caves
Slime:3:  layout_caves
Slime:4:  layout_caves, nicolae_slime_rock_hall_of_fame
Slime:5
Orc:1:    layout_caves
Orc:2:    st_orc_rangers, layout_caves, roderic_batcave, guppyfry_orc_lava_fort
Elf:1:    minmay_elf_arrival_circle, layout_gridlike, enter_trove_2,
          serial_shops, shop, shop, nicolae_shop_tiny_real_fake_doors,
          minmay_elf_annihilation, nicolae_elf_vaults_five_recruitment_drive,
          uniq_agnes
Elf:2:    elven_hall_of_blades_hangedman_alternative
          [nicolae_vaults_blade_armed_guards], layout_loops_corners,
          serial_shops, shop, palyth_stone_intersect
Elf:3:    minmay_elf_hall_quartered_circle, layout_loops_corners, serial_shops,
          nicolae_shop_trees, uniq_mara
Vaults:1: grunt_vaults_funnel, nicolae_vaults_tangram_2, v_misc_18,
          vaults_room_hallway, nicolae_vaults_trapezoid_layered,
          nicolae_vaults_shrinking_rooms_1, nicolae_vaults_sealed_display,
          nicolae_vaults_offset_grid_hallway_3,
          nicolae_vaults_ring_of_whatevers, nicolae_vaults_little_squares_4,
          vaults_mumra_hexcomb, nicolae_vaults_little_squares_3,
          nicolae_vaults_little_squares_6, layout_vaults_omnibox, uniq_nikola,
          uniq_saint_roka
Vaults:2: blue_anna_dwarven_crypt, vaults_standard_mumra_lines,
          nicolae_vaults_inception_statues, hangedman_vaults_maws, v_misc_8,
          nicolae_vaults_more_shelving_1, v_misc_32, layout_vaults_chaotic_city,
          serial_shops, nicolae_lakefront_shop
Vaults:3: nicolae_vaults_turnstiles, nicolae_vaults_puzzle_piece,
          nicolae_vaults_prndl, v_rooms_1, nicolae_vaults_little_squares_1,
          v_pattern_4, nicolae_vaults_little_squares_3,
          nicolae_vaults_angled_halls, v_misc_8, hangedman_vaults_pinch,
          nicolae_vaults_closet_pinwheel_1, layout_vaults_omnicross,
          serial_shops, nicolae_square_shop
Vaults:4: nicolae_vaults_diagonal_hallway_7, nicolae_vaults_trapezoid_2,
          hangedman_vaults_trim, hangedman_vaults_corner_blocks,
          hangedman_vaults_maws, nicolae_vaults_diamond_1,
          nicolae_vaults_trapezoid_lopsided_3, dpeg_vaults_monster_box,
          nicolae_vaults_tetromino_T_1, layout_vaults_omnigrid, uniq_jory
Vaults:5: serial_shops
Crypt:1:  layout_gridlike, uniq_boris, uniq_josephina
Crypt:2:  layout_catacombs
Crypt:3:  due_elkab, layout_chaotic_city, st_stairs_11, lemuel_freeze_loot_1,
          uniq_bai_suzhen
Tomb:1
Tomb:2
Depths:1: layout_honeycomb, enter_ziggurat_c, pan_entry,
          grunt_hell_entry_dis_mu, minmay_fire_ice_demons, minmay_shop_grove,
          serial_bayou_shore_b
Depths:2: minmay_slanted_spiral_squares, layout_cave_pools,
          kennysheep_another_room, pan_entry, hell_entry
Depths:3: minmay_the_grid_square_5x5_5x5_mashed
          [minmay_the_grid_square_5x5_minimal, minmay_the_grid_square_5x5_bite,
          minmay_the_grid_square_5x5_inner_i,
          minmay_the_grid_square_5x5_eight_small,
          minmay_the_grid_square_5x5_forky, minmay_the_grid_square_5x5_comb,
          minmay_the_grid_square_5x5_prize_open,
          minmay_the_grid_square_5x5_dogpile,
          minmay_the_grid_square_5x5_prize_gold,
          minmay_the_grid_square_5x5_fancy_junction,
          minmay_the_grid_square_5x5_beaten_path,
          minmay_the_grid_square_5x5_mess,
          minmay_the_grid_square_5x5_prize_deathbox,
          minmay_the_grid_square_5x5_half_checkered,
          minmay_the_grid_square_5x5_three_small,
          minmay_the_grid_square_5x5_misaligned,
          minmay_the_grid_square_5x5_prize_waves,
          minmay_the_grid_square_5x5_shrine2,
          minmay_the_grid_square_5x5_prize_snowflake,
          minmay_the_grid_square_5x5_inverted_slash,
          minmay_the_grid_square_5x5_broken_cross,
          minmay_the_grid_square_5x5_gyroscope,
          minmay_the_grid_square_5x5_trominoes, minmay_the_grid_square_5x5_z,
          minmay_the_grid_square_5x5_two_walls_b], layout_cave_shapes,
          hangedman_coc_ice_floe, hangedman_abyss_or_decor_stagger, abyss_entry,
          grunt_ministairs_15, tso_metal_star
Depths:4: grunt_zot_entry_bicorn, layout_basic, abyss_entry_flame_altar,
          hellmouth_1
Abyss:5:  base: Vaults:2, bh_silent_lugonu_exit, evilmike_abyss_exit_17,
          onia_ninara_dug_in_and_dangerous, doesnt_abyss_rune_brain_food

Skill      XL: |  1  2  3  4  5  6  7  8  9 10 11 12 13 14 15 16 17 18 19 20 21 22 23 24 25 26 27 |
---------------+----------------------------------------------------------------------------------+-----
Dodging        | 1 2 3 4 5 6 7 8 9 10 11 12 13 14 15 16 17 | 17.9
Fighting       | 4 5 6 7 9 10 11 12 13 14 15 16 17 18 19 20 21 22 23 | 23.5
Armour         | 4 5 6 7 8 9 10 11 12 13 14 15 16 18 | 18.6
Shields        | 4 5 6 7 8 9 10 11 12 13 14 15 16 18 | 18.6
Throwing       | 1 2 3 4 5 6 7 8 9 10 11 12 13 14 15 16 18 | 18.0
Invocations    | 1 3 4 6 7 8 9 10 11 12 13 14 15 16 17 19 | 19.3
Long Blades    | 3 4 6 8 9 10 11 12 13 14 | 14.0
Maces & Flails | 1 3 |  3.5
Polearms       | 2 10 11 12 13 16 | 16.0

Action                     |  1- 3 |  4- 6 |  7- 9 | 10-12 | 13-15 | 16-18 | 19-21 | 22-24 | 25-27 || total
---------------------------+-------+-------+-------+-------+-------+-------+-------+-------+-------++-------
  Melee: Short sword       |   129 |   123 |       |       |       |       |       |       |       ||   252
         Long sword        |    12 |    87 |   253 |   155 |   172 |       |       |       |       ||   679
         Scimitar          |       |       |       |   374 |   575 |   994 |  1248 |  1526 |       ||  4717
         Spear             |       |       |       |       |   146 |   153 |       |       |       ||   299
         Trishula          |       |       |       |       |       |       |       |    98 |  2411 ||  2509
  Throw: Javelin           |       |     6 |    66 |   122 |    80 |    46 |    52 |    46 |    91 ||   509
         Boomerang         |       |       |     7 |    83 |   282 |   218 |   105 |   165 |   170 ||  1030
         Throwing net      |       |       |       |     1 |       |       |       |     2 |     1 ||     4
 Invoke: Divine Shield     |       |       |       |     3 |     3 |     5 |     9 |     6 |    13 ||    39
         Cleansing Flame   |       |       |       |       |    13 |     3 |     3 |     6 |    57 ||    82
         Summon Divine War |       |       |       |       |       |       |     1 |     1 |     8 ||    10
Ability: Evoke Blink       |       |       |       |     1 |     4 |     3 |       |       |       ||     8
    Use: Potion            |       |     3 |     2 |     3 |     2 |     9 |     3 |     6 |     4 ||    32
         Scroll            |       |     4 |    13 |     7 |    16 |     3 |     6 |     7 |     9 ||    65
 Armour: Scale mail        |    65 |    11 |       |       |       |       |       |       |       ||    76
         Chain mail        |       |    85 |   130 |    68 |     4 |    51 |       |       |       ||   338
         Ring mail         |       |       |       |   279 |   603 |   232 |    77 |       |       ||  1191
         Plate armour      |       |       |       |       |       |       |   383 |   449 |   374 ||  1206
  Dodge: Dodged            |    54 |    58 |   114 |   421 |   894 |   467 |   357 |   460 |   441 ||  3266
  Block: Buckler           |    22 |    46 |    88 |   248 |   493 |   182 |       |       |       ||  1079
         Tower shield      |       |       |       |       |       |   471 |  1131 |  1134 |  1804 ||  4540
         Kite shield       |       |       |       |       |       |       |       |   300 |     2 ||   302
